Map: Inside and Out

Players

Reynor - Winner!

  • Race: Zerg Zerg
  • League: Master
  • Spawn Location: 1:00

MaxPax

  • Race: Protoss Protoss
  • League: Grandmaster
  • Spawn Location: 7:00

VOD

Have the link to the VOD?

Description

Time

  • Played on: Oct. 19, 2022, 4:18 p.m.
  • Length: 10:00
Show
View Real Time Build Order
Export as new Build Order

Reynor Zerg - Winner!

Build Orders: Hatch First 

Get SALT Encoding   

  12  0:00  Drone  
  13  0:11  Overlord  
  13  0:16  Drone  
  14  0:30  Drone x2  
  16  0:45  Drone  
  17  0:52  Hatchery  
  17  0:54  Drone  
  17  0:57  Drone  
  18  1:08  Extractor  
  17  1:12  Spawning Pool  
  17  1:15  Drone  
  17  1:19  Drone  
  18  1:27  Drone  
  19  1:38  Drone  
  20  1:48  Overlord  
  20  1:58  Queen  
  22  2:03  Queen  
  22  2:04  Zergling x4  
  26  2:10  Drone  
  26  2:11  Metabolic Boost  
  27  2:15  Drone  
  28  2:23  Zergling x2  
  28  2:25  Zergling x2  
  30  2:33  Zergling x2  
  31  2:37  Zergling x2  
  31  2:43  Hatchery  
  31  2:44  Zergling x2  
  32  2:52  Overlord  
  32  3:00  Drone x2  
  32  3:04  Drone  
  35  3:09  Drone  
  35  3:10  Overlord  
  35  3:13  Drone x2  
  35  3:16  Queen  
  35  3:19  Drone  
  39  3:21  Drone  
  40  3:30  Overlord  
  40  3:31  Drone  
  41  3:34  Queen  
  41  3:40  Drone x2  
  45  3:44  Drone x3  
  48  3:48  Overlord  
  48  3:50  Drone  
  48  3:52  Drone  
  48  3:54  Drone  
  51  3:55  Drone  
  51  3:57  Drone  
  52  4:06  Zergling x6  
  55  4:10  Queen  
  55  4:14  Overlord  
  55  4:16  Zergling x4  
  59  4:21  Zergling x6  
  62  4:27  Zergling x8  
  62  4:28  Queen  
  68  4:32  Overlord  
  68  4:33  Zergling x2  
  68  4:37  Overlord  
  69  4:39  Zergling x2  
  69  4:41  Zergling x2, Queen  
  73  4:47  Baneling Nest  
  73  4:50  Drone x2  
  73  4:52  Drone x2  
  76  4:55  Zergling x4  
  76  4:59  Zergling x2  
  79  5:01  Queen  
  79  5:03  Zergling x4  
  83  5:07  Queen  
  83  5:10  Zergling x2  
  83  5:13  Overlord  
  87  5:14  Zergling x2  
  87  5:17  Queen  
  89  5:23  Zergling x6  
  92  5:28  Spore Crawler  
  92  5:29  Spore Crawler  
  92  5:32  Baneling x7  
  92  5:33  Baneling  
  92  5:35  Zergling x4  
  92  5:37  Queen  
  92  5:38  Zergling x4  
  96  5:45  Overlord  
  86  5:50  Drone x6  
  86  5:53  Drone  
  86  5:56  Drone  
  90  5:58  Spore Crawler  
  90  6:01  Drone x2  
  90  6:03  Drone  
  91  6:05  Drone  
  91  6:07  Drone  
  90  6:12  Drone x4  
  94  6:19  Drone  
  94  6:20  Drone  
  94  6:21  Overlord  
  94  6:25  Lair  
  96  6:27  Drone x3, Extractor  
  96  6:29  Drone x2, Extractor  
  97  6:33  Drone  
  97  6:36  Drone x2  
  97  6:39  Overlord  
  100  6:40  Drone x3  
  100  6:43  Drone x2  
  100  6:44  Drone  
  106  6:48  Roach Warren, Overlord  
  106  6:53  Zergling x2, Extractor  
  105  6:54  Zergling x2  
  106  7:03  Zergling x10  
  110  7:09  Zergling x2  
  110  7:11  Zergling x2  
  110  7:13  Overlord  
  112  7:19  Zergling x2  
  112  7:20  Zergling x4  
  112  7:22  Zergling x2  
  116  7:24  Overlord  
  116  7:25  Baneling x8  
  116  7:27  Roach  
  116  7:28  Roach x3  
  124  7:35  Zergling x6, Baneling  
  124  7:36  Baneling x7  
  127  7:37  Queen  
  127  7:40  Zergling x2  
  127  7:41  Zergling x4  
  127  7:44  Queen  
  132  7:47  Zergling x6  
  135  7:53  Zergling x6  
  135  7:55  Zergling x4, Roach  
  126  8:02  Zergling x2, Roach x2  
  116  8:06  Roach  
  116  8:08  Roach x2  
  116  8:10  Zergling x4  
  116  8:12  Queen  
  122  8:13  Queen  
  122  8:14  Roach  
  117  8:20  Roach x2  
  117  8:21  Queen  
  117  8:23  Baneling x4  
  117  8:26  Roach  
  125  8:28  Glial Reconstitution  
  125  8:31  Roach x2  
  129  8:37  Roach  
  128  8:42  Hatchery  
  128  8:43  Roach x2  
  128  8:44  Zergling x10, Roach  
  128  8:47  Roach  
  132  8:50  Queen  
  132  8:51  Roach x2  
  132  8:53  Zergling x4  
  140  9:03  Zergling x2  
  140  9:04  Zergling x4  
  140  9:05  Zergling x2  
  140  9:08  Zergling x2, Overseer  
  145  9:14  Zergling x10, Drone  
  151  9:17  Baneling  
  151  9:18  Baneling x7  
  151  9:19  Baneling  
  151  9:20  Zergling x4  
  151  9:23  Overlord  
  153  9:25  Overlord  
  153  9:29  Overlord  
  147  9:39  Overlord  
Show
View Real Time Build Order
Export as new Build Order

MaxPax Protoss 

Build Orders: 1 Gate Expand, Mass Adepts 

Get SALT Encoding   

  12  0:00  Probe  
  13  0:12  Probe  
  14  0:17  Pylon  
  14  0:24  Probe  
  15  0:36  Probe (Chrono Boost)  
  15  0:40  Gateway  
  16  0:46  Probe (Chrono Boost)  
  16  0:48  Assimilator  
  17  0:51  Probe (Chrono Boost)  
  18  1:03  Probe  
  19  1:15  Probe  
  20  1:24  Nexus  
  20  1:34  Cybernetics Core  
  20  1:37  Probe  
  21  1:44  Assimilator  
  21  1:49  Probe  
  21  1:53  Pylon  
  22  2:01  Probe  
  23  2:08  Adept (Chrono Boost)  
  23  2:11  Warp Gate (Chrono Boost)  
  23  2:13  Probe (Chrono Boost)  
  26  2:25  Probe (Chrono Boost)  
  27  2:31  Stalker  
  27  2:35  Probe (Chrono Boost)  
  31  2:39  Probe (Chrono Boost)  
  31  2:40  Gateway  
  32  2:45  Probe (Chrono Boost)  
  32  2:46  Probe (Chrono Boost)  
  33  2:51  Gateway, Probe  
  34  3:01  Adept (Chrono Boost)  
  34  3:04  Pylon  
  35  3:09  Shield Battery  
  34  3:16  Shield Battery  
  33  3:20  Shield Battery  
  33  3:24  Adept (Chrono Boost)  
  33  3:25  Probe  
  33  3:26  Probe  
  37  3:39  Twilight Council, Probe x2  
  39  3:49  Robotics Facility  
  39  3:51  Probe  
  39  3:52  Probe  
  41  3:57  Adept x2  
  41  3:58  Adept  
  41  4:02  Pylon  
  47  4:03  Probe  
  47  4:04  Probe  
  49  4:12  Resonating Glaives (Chrono Boost)  
  49  4:21  Adept x3  
  55  4:30  Gateway  
  55  4:33  Gateway, Probe  
  55  4:35  Gateway  
  55  4:38  Warp Prism (Chrono Boost)  
  58  4:51  Adept x2, Pylon  
  62  4:55  Pylon  
  62  5:00  Pylon  
  62  5:09  Probe x2  
  64  5:14  Pylon  
  63  5:26  Adept x4  
  73  5:28  Observer  
  73  5:30  Pylon  
  73  5:31  Adept x2, Assimilator  
  73  5:32  Probe  
  59  5:50  Probe x2  
  59  5:51  Adept x4  
  59  5:55  Adept  
  60  5:58  Adept  
  60  6:02  Probe  
  61  6:06  Probe  
  61  6:07  Immortal (Chrono Boost)  
  60  6:19  Adept  
  60  6:20  Adept x3  
  68  6:25  Sentry  
  68  6:31  Assimilator  
  70  6:33  Immortal (Chrono Boost)  
  72  6:49  Adept x5  
  82  7:01  Pylon  
  82  7:03  Adept  
  84  7:21  Adept x3  
  84  7:22  Adept x2  
  94  7:23  Adept  
  94  7:27  Pylon  
  96  7:44  Adept x3  
  96  7:46  Adept x3  
  66  8:07  Adept x6  
  70  8:26  Adept x2  
  74  8:27  Adept x4  
  74  8:33  Nexus  
  72  8:50  Adept x4  
  72  8:52  Probe x2  
  72  8:54  Pylon  
  70  8:59  Sentry x2  
  70  9:00  Sentry x2  
  70  9:01  Robotics Bay  
  76  9:05  Probe  
  76  9:09  Stalker x2  
  77  9:14  Shield Battery  
  78  9:18  Probe  
  82  9:34  Stalker x2  
  68  9:45  Stalker x2  
Tags
 
Add a new tag
Caveats
  • Supply blocks, unpowered buildings, or Contaminate may cause inaccurate times.
  • Supply counts are checked every 10 seconds.